cohdb
Replays
Latest Replays
All Replays
Popular Replays
Top Player Replays
Match Explorer
How It Works
Community
CoH3 Stats
Reddit
Sign in to upload your games and track your stats! →
Sign in with Steam
Match 46876384
Unlisted
Match 46876384
Overview
Messages
Build Orders
End
Construct Infanterie Kompanie
Pioneer Squad
Grenadier Squad
Grenadier Squad
MG 42 Machine Gun Team
Construct Panzergrenadier Kompanie
Medical Station
251 Medium Carrier
Selects Italian Coastal Battlegroup
Selects Italian Coastal Battlegroup
Selects Italian Coastal Battlegroup
Selects Coastal Reserves
Selects Artillery Officer
Support Elements
Nebelwerfer 42 Rocket Launcher Team
Artillery Officer
Panzergrenadier Officer Quarters
Nebelwerfer 42 Rocket Launcher Team
StuG III G Assault Gun
Selects Coastal Wall
Selects Support Bunkers
Kettenkrad Recon Vehicle
StuG III G Assault Gun
Selects Designated Artillery Overwatch
Pioneer Squad
Pioneer Squad
反内卷办公室主任
weekband
Niker1
crywo1f
0
0
Comments
sign in to comment!
No comments posted yet!